 Dungeon Crawl Stone Soup version 0.21-a0-513-gdcb3f5e (webtiles) character file.

5106 mortelune the Geomancer (level 10, -22/56 HPs)
             Began as a Gargoyle Earth Elementalist on Dec 1, 2017.
             Was a Believer of Sif Muna.
             Killed from afar by Daviar's ghost (32 damage)
             ... with a fireball
             ... on level 9 of the Dungeon.
             The game lasted 00:43:50 (12477 turns).

mortelune the Geomancer (GrEE)                     Turns: 12477, Time: 00:43:51

Health: -22/56     AC: 12    Str: 12    XL:     10   Next: 57%
Magic:  15/29      EV: 12    Int: 19    God:    Sif Muna [**....]
Gold:   304        SH:  0    Dex: 10    Spells: 10/23 levels left

rFire    . . .     SeeInvis +   S - +2 flail (holy)
rCold    . . .     Gourm    .   (no shield)
rNeg     + . .     Faith    +   f - +1 robe {Archmagi}
rPois    ∞         Spirit   .   (no helmet)
rElec    +         Reflect  .   I - +0 cloak
rCorr    .         Harm     .   q - +0 pair of gloves
MR       .....                  (no boots)
Stlth    ++........             n - amulet of faith
HPRegen  0.18/turn              F - ring of see invisible
MPRegen  0.21/turn              A - ring of magical power

@: no status effects
A: negative energy resistance 1, electricity resistance, unbreathing,
petrification resistance, rot immunity, AC +7
a: Divine Energy, Renounce Religion


You were on level 9 of the Dungeon.
You worshipped Sif Muna.
Sif Muna was pleased with you.
You were not hungry.

You visited 2 branches of the dungeon, and saw 10 of its levels.

You collected 499 gold pieces.
You spent 195 gold pieces at shops.

Inventory:

Hand Weapons
 S - a +2 flail of holy wrath (weapon)
Missiles
 b - 101 stones (quivered)
Armour
 c - a +0 robe
 f - a +1 robe of the Archmagi (worn)
 i - a +0 leather armour
 q - a +0 pair of gloves (worn)
 I - a +0 cloak (worn)
Jewellery
 h - an uncursed ring of fire
 n - an amulet of faith (around neck)
 p - an uncursed ring of protection from magic
 A - a ring of magical power (right hand)
 F - a ring of see invisible (left hand)
Wands
 u - a wand of polymorph (17)
 v - a wand of paralysis (6)
 D - a wand of digging (14)
 L - a wand of flame (24)
 P - a wand of acid (7)
Scrolls
 a - a scroll of identify
 g - 2 scrolls of fear
 j - 2 scrolls of enchant weapon
 k - a scroll of noise {unknown}
 m - 8 scrolls of teleportation
 r - a scroll of blinking {unknown}
 s - 2 scrolls of remove curse
 y - 2 scrolls of fog {unknown}
 z - a scroll of amnesia
 C - a scroll of immolation {unknown}
 Q - a scroll of enchant armour {unknown}
 R - a scroll of torment {unknown}
Potions
 l - a potion of mutation
 o - 2 potions of brilliance
 t - 4 potions of curing
 w - a potion of resistance
 x - 3 potions of might
 B - 2 potions of agility
 E - a potion of ambrosia
 H - a potion of berserk rage {unknown}
 N - a potion of lignification {unknown}
 O - 2 potions of flight
Books
 e - a book of Geomancy

   Spells                             Type                      Level
   a - Sandblast                      Earth                        1
   b - Passwall                       Transmutation/Earth          2
   c - Stone Arrow                    Conjuration/Earth            3
   d - Petrify                        Transmutation/Earth          4
   e - Lee's Rapid Deconstruction     Earth                        5
Comestibles
 d - 6 bread rations
 G - 2 royal jellies
 K - 2 fruits
 M - 3 meat rations


   Skills:
 + Level 4.1 Fighting
 + Level 3.7 Maces & Flails
 + Level 4.2 Armour
 + Level 1.7 Dodging
 - Level 2.1 Stealth
 + Level 7.0 Spellcasting
 - Level 7.0 Conjurations
 - Level 0.7 Transmutations
 * Level 11.6 Earth Magic


You had 10 spell levels left.
You knew the following spells:

 Your Spells              Type           Power        Failure   Level  Hunger
a - Sandblast             Erth           ######       1%          1    None
b - Stone Arrow           Conj/Erth      ######       1%          3    #......
c - Lee's Rapid Deconstr  Erth           ######....   2%          5    #####..
d - Petrify               Tmut/Erth      #####...     8%          4    ###....


Dungeon Overview and Level Annotations

Branches:
Dungeon (9/15)             Temple (1/1) D:6
   Lair: D:8-11         Orc: D:9-12

Altars:
Ashenzari
Cheibriados
Dithmenos
Elyvilon
Fedhas
Gozag
Hepliaklqana
Kikubaaqudgha
Makhleb
Nemelex Xobeh
Okawaru
Qazlal
Ru
Sif Muna
Trog
Uskayaw
Vehumet
Wu Jian
Xom
Yredelemnul
Zin
The Shining One

Shops:
D:6 =

Annotations:
D:9 Daviar's ghost, novice DEFE


Innate Abilities, Weirdness & Mutations

You are resistant to torment.
Your stone body is resilient. (AC +7)
You are immune to poison.
You resist negative energy. (rN+)
You are resistant to electric shocks. (rElec)
You can survive without breathing.
You are immune to petrification.
You are immune to rotting.


Message History

You feel a surge of power!
Daviar's ghost is unaffected.
Casting: Petrify
Confirm with . or Enter, or press ? or * to list all spells.
Aiming: Lee's Rapid Deconstruction
Press: ? - help, Dir - move target cursor, f - you, p - Daviar's ghost
Okay, then.
Casting: Lee's Rapid Deconstruction
Confirm with . or Enter, or press ? or * to list all spells.
Aiming: Stone Arrow
Press: ? - help, Shift-Dir - straight line, f/p - Daviar's ghost
Aim: Daviar's ghost, wielding a weapon of venom You feel a surge of power!
The stone arrow misses Daviar's ghost.
Daviar's ghost points at you and mumbles some strange words.
The fireball explodes!
The fireball engulfs you!
Ouch! That really hurt!
* * * LOW HITPOINT WARNING * * *
Daviar's ghost gestures at you while chanting.
The fireball explodes!
The fireball engulfs you!
Ouch! That really hurt!
You die...

....## ##..............##....
....# #.......)......[....
...## ##.####............#..
...# #..# ##.÷..)......#..
...# ##.## ##...W.........
##.####..# #..)).........
#..##..## #..........##
##......# ##........###
#.......## #.@..<#..##
....#....######........#
...#####..............#####.#
#.## #.##########.#.......#
### #.## #.#.####### ##.#
##..# ### ####


You could see Daviar's ghost.

Vanquished Creatures
  The ghost of tof the Skirmisher, a novice DsGl of Wu Jian (D:8)
  A two-headed ogre (D:8)
  Pikel (D:6)
  A cyclops (D:8)
  Psyche (D:8)
  The ghost of Phong the Cudgeler, an amateur OpGl of Okawaru (D:3)
  An orc warrior (D:9)
  3 sky beasts
  A slave (D:6)
  An ice beast (D:8)
  An ogre (D:8)
  A necrophage (D:6)
  2 centaurs
  A big kobold (D:8)
  A bullfrog (D:7)
  4 scorpions
  3 wights (D:8)
  3 crimson imps
  2 howler monkeys (D:8)
  2 hounds
  4 jellies
  2 centaur skeletons (D:8)
  3 orc priests
  11 orc wizards
  Crazy Yiuf (D:3)
  2 bullfrog skeletons
  An iguana (D:6)
  8 worker ants
  A hound skeleton (D:4)
  4 gnolls (D:2)
  9 adders
  2 shadow imps (D:6)
  2 oozes
  An adder skeleton (D:8)
  3 worms
  A dart slug (D:3)
  5 leopard geckos
  20 orcs
  2 giant cockroaches
  11 goblins
  2 hobgoblins (D:1)
  7 jackals
  13 kobolds
  2 quokkas (D:5)
  6 bats
  9 frilled lizards
  2 leopard gecko skeletons
  2 leopard gecko zombies
  4 rats
172 creatures vanquished.

Vanquished Creatures (others)
  A centaur (D:6)
  An iguana (D:6)
  A jackal skeleton (D:6)
3 creatures vanquished.

Grand Total: 175 creatures vanquished

Notes
Turn   | Place    | Note
-------+----------+-------------------------------------------
     0 | D:1      | mortelune the Gargoyle Earth Elementalist began the quest for the Orb.
     0 | D:1      | Reached XP level 1. HP: 10/10 MP: 3/3
     2 | D:1      | Noticed a felid
     2 | D:1      | Noticed a spriggan
     4 | D:1      | Noticed a human
     4 | D:1      | Noticed a centaur
     6 | D:1      | Noticed a halfling
     6 | D:1      | Noticed a formicid
     8 | D:1      | Noticed an ogre
    10 | D:1      | Noticed a dwarf
    12 | D:1      | Noticed a gargoyle
    12 | D:1      | Noticed a draconian
    14 | D:1      | Noticed a demonspawn
    14 | D:1      | Noticed a demigod
    16 | D:1      | Noticed a naga
    16 | D:1      | Noticed a vine stalker
    18 | D:1      | Noticed a tengu
    18 | D:1      | Noticed a merfolk
    20 | D:1      | Noticed a ghoul
    20 | D:1      | Noticed an elf
    22 | D:1      | Noticed a minotaur
    24 | D:1      | Noticed an octopode
    24 | D:1      | Noticed a vampire
    26 | D:1      | Noticed a troll
   169 | D:1      | Reached skill level 4 in Earth Magic
   169 | D:1      | Reached XP level 2. HP: 7/15 MP: 3/5
  1210 | D:2      | Reached XP level 3. HP: 19/19 MP: 6/6
  1316 | D:2      | Learned a level 3 spell: Stone Arrow
  1736 | D:2      | Reached XP level 4. HP: 24/24 MP: 8/8
  1754 | D:2      | Reached skill level 5 in Earth Magic
  2422 | D:2      | Reached XP level 5. HP: 25/28 MP: 10/10
  3082 | D:3      | Reached skill level 1 in Conjurations
  3589 | D:3      | Noticed Phong's ghost (amateur OpGl)
  3698 | D:3      | Killed Phong's ghost
  3698 | D:3      | Reached skill level 6 in Earth Magic
  3698 | D:3      | Reached XP level 6. HP: 12/32 MP: 6/12
  4326 | D:3      | HP: 1/32 [something (1)]
  5108 | D:3      | Found a runed door.
  5443 | D:3      | Reached XP level 7. HP: 10/36 MP: 2/13
  5677 | D:4      | Learned a level 5 spell: Lee's Rapid Deconstruction
  6726 | D:5      | Entered Level 5 of the Dungeon
  6991 | D:5      | Reached skill level 7 in Earth Magic
  7671 | D:5      | Reached skill level 5 in Spellcasting
  7878 | D:5      | Reached XP level 8. HP: 37/41 MP: 14/15
  7947 | D:5      | Reached skill level 8 in Earth Magic
  8290 | D:6      | Noticed Pikel
  8302 | D:6      | Killed Pikel
  8302 | D:6      | Reached skill level 5 in Conjurations
  8302 | D:6      | Reached skill level 9 in Earth Magic
  8379 | D:6      | Found a staircase to the Ecumenical Temple.
  8386 | Temple   | Entered the Ecumenical Temple
  8482 | Temple   | Became a worshipper of Sif Muna the Loreminder
  9127 | D:6      | Found Peceyrch's Jewellery Shoppe.
  9131 | D:6      | Bought an uncursed ring of see invisible for 195 gold pieces
  9448 | D:3      | Noticed Crazy Yiuf
  9450 | D:3      | Killed Crazy Yiuf
  9450 | D:3      | Reached XP level 9. HP: 45/45 MP: 17/17
  9746 | D:7      | Reached * piety under Sif Muna
  9746 | D:7      | Reached skill level 1 in Armour
  9898 | D:7      | Reached skill level 1 in Fighting
  9930 | D:7      | Reached skill level 1 in Maces & Flails
  9930 | D:7      | Reached skill level 10 in Earth Magic
 10159 | D:7      | Learned a level 4 spell: Petrify
 10747 | D:8      | Noticed tof's ghost (novice DsGl)
 10758 | D:8      | Killed tof's ghost
 10952 | D:8      | Noticed a two-headed ogre
 11038 | D:8      | Killed a two-headed ogre
 11038 | D:8      | Reached ** piety under Sif Muna
 11038 | D:8      | Reached skill level 11 in Earth Magic
 11038 | D:8      | Reached XP level 10. HP: 56/56 MP: 19/20
 11122 | D:8      | Noticed a cyclops
 11126 | D:8      | Killed a cyclops
 11509 | D:8      | Noticed Psyche
 11597 | D:8      | Found a shattered altar of Ashenzari.
 11788 | D:8      | Got a dazzling dagger
 11789 | D:8      | Identified the cursed +1 dagger of the Hummingbird {antimagic, Str+2} (You found it on level 8 of the Dungeon)
 11896 | D:8      | Killed Psyche
 12472 | D:9      | Noticed Daviar's ghost (novice DEFE)
 12477 | D:9      | Killed from afar by Daviar's ghost

Vault maps used:
D:1:      kb_arrival_jail, minmay_lizard_king
D:3:      first_bread, uniq_crazy_yiuf_cottage
D:6:      minmay_temple_entry_glassed_door, serial_shops, shop, uniq_pikel
D:8:      evilmike_ruin_ashenzari, uniq_psyche
Temple:   roderic_octagonal_lattice_temple

Skill      XL: |  1  2  3  4  5  6  7  8  9 10 |
---------------+-------------------------------+-----
Earth Magic    | 4 5 6 7 9 11 | 11.6
Spellcasting   | 3 4 5 6 7 |  7.0
Conjurations   | 2 3 4 5 6 7 |  7.0
Armour         | 3 4 |  4.2
Fighting       | 3 4 |  4.1
Maces & Flails | 2 3 |  3.7
Dodging        | |  1.7
Stealth        | |  2.1
Transmutations | |  0.7

Action                   |  1- 3 |  4- 6 |  7- 9 | 10-12 || total
-------------------------+-------+-------+-------+-------++-------
Melee: Club              |    16 |       |       |       ||    16
       Spear             |    42 |    13 |       |       ||    55
       Halberd           |       |    22 |       |       ||    22
       Short sword       |       |    71 |       |       ||    71
       Whip              |       |    15 |    48 |       ||    63
       Flail             |       |       |       |     9 ||     9
 Cast: Sandblast         |    16 |    44 |    24 |    25 ||   109
       Stone Arrow       |     2 |    24 |    81 |    31 ||   138
       Lee's Rapid Decon |       |       |     8 |     2 ||    10
       Petrify           |       |       |     1 |     3 ||     4
Evoke: Wand              |       |     1 |       |       ||     1
  Use: Scroll            |     2 |     2 |    11 |     2 ||    17
       Potion            |       |     3 |       |       ||     3
 Stab: Sleeping          |     2 |     1 |       |       ||     3
  Eat: Chunk             |     3 |     7 |    14 |     5 ||    29
       Meat ration       |       |     1 |     1 |       ||     2
       Bread ration      |       |       |     1 |       ||     1
       Royal jelly       |       |       |     1 |       ||     1
       Fruit             |       |       |       |     1 ||     1
Armor: Robe              |    14 |    57 |    29 |     7 ||   107
Dodge: Dodged            |    31 |    93 |    35 |    17 ||   176

Table legend:
 A = Spawn XP
 B = Non-spawn XP
 C = Spawn XP percentage of total XP
 D = Spawn monster count
 E = Non-spawn monster count
 F = Spawn count percentage of total count
 G = Total turns spent on level
                    A         B        C        D         E        F      G
               +---------+---------+-------+---------+---------+-------+---------
         Total |       0 |    7295 |   0.0 |       0 |     171 |   0.0 | 12477
               +---------+---------+-------+---------+---------+-------+---------
           D:1 |       0 |      30 |   0.0 |       0 |      16 |   0.0 |  1132
           D:2 |       0 |     136 |   0.0 |       0 |      24 |   0.0 |  1729
           D:3 |       0 |     468 |   0.0 |       0 |      36 |   0.0 |  2901
           D:4 |       0 |     111 |   0.0 |       0 |       8 |   0.0 |  1077
           D:5 |       0 |     574 |   0.0 |       0 |      17 |   0.0 |  1544
           D:6 |       0 |    1034 |   0.0 |       0 |      11 |   0.0 |   927
           D:7 |       0 |     676 |   0.0 |       0 |      12 |   0.0 |  1113
           D:8 |       0 |    3953 |   0.0 |       0 |      39 |   0.0 |  1492
           D:9 |       0 |     313 |   0.0 |       0 |       8 |   0.0 |   328
               +---------+---------+-------+---------+---------+-------+---------
